 Dungeon Crawl Stone Soup version 0.29-a0-88-g03a7b78be7 (webtiles) character file.

Game seed: 4226735118268075323

2 senseless the Ducker (level 1, 10/10 HPs)
             Began as a Felid Fighter on Feb 5, 2022.
             Was a Follower of Yredelemnul.
             Quit the game on level 1 of the Dungeon.
             The game lasted 00:00:51 (89 turns).

senseless the Ducker (Felid Fighter)                  Turns: 89, Time: 00:00:52

Health: 10/10      AC:  1    Str: 12    XL:     1   Next: 33%
Magic:  2/2        EV: 18    Int:  9    God:    Yredelemnul [*.....]
Gold:   4          SH:  0    Dex: 15    Spells: 0/0 levels left
                                        Lives:  0   Deaths: 0

rFire   . . .      SeeInvis +     - Unarmed
rCold   . . .      Faith    .   (shield unavailable)
rNeg    . . .      Spirit   .   (armour unavailable)
rPois   .          Reflect  .   (helmet unavailable)
rElec   .          Harm     .   (cloak unavailable)
rCorr   .          Rampage  .   (gloves unavailable)
Will    .....                   (boots unavailable)
Stlth   +.........              (no amulet)
HPRegen 0.03/turn               (no ring)
MPRegen 0.08/turn               (no ring)

@: quick
A: very small, claws 1, fangs 3, see invisible, speed 1, shaggy fur 1, stealthy
paws, no weapons or thrown items, no armour, multi-lived
a: Renounce Religion, Recall Undead Harvest


You were on level 1 of the Dungeon.
You worshipped Yredelemnul.
Yredelemnul was noncommittal.
You visited 1 branch of the dungeon, and saw 1 of its levels.

You collected 4 gold pieces.

Inventory:

Potions
 a - a potion of might
 b - a potion of lignification {unknown}


   Skills:
 + Level 3.0 Fighting
 + Level 4.0 Dodging
 + Level 4.0 Unarmed Combat


You couldn't memorise any spells.
You didn't know any spells.
Your spell library was empty.

Dungeon Overview and Level Annotations

Branches:
Dungeon (1/15)

Altars:
Yredelemnul

Shops:
D:1 =


Innate Abilities, Weirdness & Mutations

You have sharp claws.
You have razor-sharp teeth.
You have supernaturally acute eyesight. (SInv)
You cover ground quickly. (Speed+)
You are covered in fur. (AC +1)
Your paws help you pounce on unaware monsters.
You are incapable of wielding weapons or throwing items.
You cannot wear armour.
You gain extra lives every three experience levels.


Message History

Welcome, senseless the Felid Fighter.
You feel drawn to the Orb of Zot, downwards into the unfathomable depths...
Press ? for a list of commands and other information.
Found a fizzy coppery potion.
Found two stairs.
b - a fizzy coppery potion
Found Bicruph's Jewellery Boutique.
A rat comes into view.
A rat is nearby!
You see here 4 gold pieces.
You scratch the rat but do no damage. You claw the rat.
You kill the rat!
No target in view!
There is an entrance to Bicruph's Jewellery Boutique here.
You now have 4 gold pieces.
Found an escape hatch in the floor.
A kobold comes into view. It is wielding a +2 dagger of venom.
The kobold shouts!
The kobold misses you.
You scratch the kobold.
You kill the kobold!
No target in view!
You see here a +2 dagger of venom.
Found a faded altar of an unknown god.
A rat comes into view.
You claw the rat!
You kill the rat!
There is a faded altar of an unknown god here.
You cannot tell which god this altar belongs to.
Convert to them anyway?
Yredelemnul accepts your prayer! Yredelemnul welcomes you!
You can now reap souls.
You can now recall your undead harvest.
Are you sure you want to abandon this character and quit the game? (Confirm with "yes".) ♣.....# ....... .......# .......# ###....#..# #ZZ

.....#
##..♣.....##
#.##..♣@♣.....#
#.....Z♣......#
###.#....Z....#
#.#.#....##.#
#.#.#.##.#
#...#..#.# ###
###..♣.... ..#
#P.P♣..P.# #.#
#..P♣♣...#


You could see a friendly bat zombie, 2 friendly ball python zombies and a
friendly jackal zombie.

Vanquished Creatures
  A kobold (D:1)
  2 rats (D:1)
3 creatures vanquished.

Notes
Turn   | Place    | Note
-------+----------+-------------------------------------------
     0 | D:1      | senseless the Felid Fighter began the quest for the Orb.
     0 | D:1      | Reached XP level 1. HP: 10/10 MP: 2/2
    18 | D:1      | Found Bicruph's Jewellery Boutique.
    78 | D:1      | Found a faded altar of an unknown god.
    88 | D:1      | Prayed at the altar of an unknown god.
    88 | D:1      | Became a worshipper of Yredelemnul the Dark
    88 | D:1      | Reached * piety under Yredelemnul
    89 | D:1      | Quit the game

Illustrated notes

Levels and vault maps discovered:
D:1:      dpeg_arrival_fog, layout_loops_cross,
          chequers_ecumenical_altar_simple, serial_shops, nicolae_diamond_shop,
          serial_forest, infiniplex_forest_lined_ring,
          infiniplex_forest_clump_double, infiniplex_forest_straight_2,
          infiniplex_forest_clump_C, infiniplex_forest_clump_double,
          chequers_garden

Action                   || total
-------------------------++-------
Melee: Unarmed           ||     3
       Punch             ||     1
Dodge: Dodged            ||     1

Table legend: (Time is in decaauts)
 A = Elapsed time spent in this place.
 B = Non-inter-level travel time spent in this place.
 C = Inter-level travel time spent in this place.
 D = Time resting spent in this place.
 E = Time spent auto-exploring this place.
 F = Levels seen in this place.
 G = Mean time per level.
                   A        B        C        D        E       F      G
               +--------+--------+--------+--------+--------+-----+--------+
         Total |     72 |     72 |      0 |      0 |     50 |   1 |   72.0 |
       Dungeon |     72 |     72 |      0 |      0 |     50 |   1 |   72.0 |
               +--------+--------+--------+--------+--------+-----+--------+

Top non-repeatable levels by time:
     D:1: 72 daAuts
